 Dungeon Crawl Stone Soup version 0.30-a0-341-g6827065 (webtiles) character file.

Game seed: 16062288928975220106

553 Dorkslayer the Slasher (level 7, -2/53 HPs)
             Began as a Human Fighter on Nov 1, 2022.
             Succumbed to an orc wizard's poison
             ... on level 5 of the Dungeon.
             The game lasted 00:09:22 (4545 turns).

Dorkslayer the Slasher (Human Fighter)              Turns: 4545, Time: 00:09:23

Health: -2/53      AC:  9    Str: 16    XL:     7   Next: 55%
Magic:  7/7        EV: 10    Int: 15    God:
Gold:   220        SH:  0    Dex: 14    Spells: 6/6 levels left

rFire   . . .      SeeInvis .    a - +0 long sword
rCold   . . .      Faith    .    c - +0 buckler
rNeg    . . .      Spirit   .    b - +0 scale mail
rPois   .          Reflect  .    (no helmet)
rElec   .          Harm     .    r - +0 cloak
rCorr   .          Rampage  .    (no gloves)
Will    .....                    h - +0 pair of boots
Stlth   ..........               (no amulet)
HPRegen 0.28/turn                g - +6 ring of intelligence
MPRegen 0.10/turn                (no ring)

@: confused, lethally poisoned (-2 -> -33), hasted, very quick
A: no striking features
a: no special abilities


You were on level 5 of the Dungeon.
You visited 2 branches of the dungeon, and saw 7 of its levels.

You collected 220 gold pieces.

Inventory:

Hand Weapons
 a - a +0 long sword (weapon)
Missiles
 m - 3 boomerangs (quivered)
Armour
 b - a +0 scale mail (worn)
 c - a +0 buckler (worn)
 h - a +0 pair of boots (worn)
 r - a +0 cloak (worn)
Jewellery
 g - a +6 ring of intelligence (left hand)
Scrolls
 e - a scroll of poison {unknown}
 f - a scroll of immolation
 j - a scroll of magic mapping {unknown}
 k - 2 scrolls of vulnerability {unknown}
 l - a scroll of amnesia {unknown}
 o - a scroll of torment
 p - 4 scrolls of teleportation {unknown}
 s - a scroll of enchant weapon
 u - a scroll of summoning {unknown}
Potions
 d - a potion of mutation {unknown}
 i - 2 potions of lignification
 q - 2 potions of haste


   Skills:
 + Level 3.8 Fighting
 + Level 4.9 Long Blades
 * Level 0.4 Throwing
 + Level 4.1 Armour
 * Level 3.3 Dodging
 + Level 4.0 Shields


You had 6 spell levels left.
You didn't know any spells.
Your spell library contained the following spells:

 Spells                   Type           Power      Damage    Failure   Level
 Slow                     Hex            0%         N/A       77%         1
 Call Canine Familiar     Summ           0%         N/A       98%         3
 Confusing Touch          Hex            0%         N/A       98%         3
 Portal Projectile        Hex/Tloc       0%         N/A       98%         3
 Vampiric Draining        Necr           0%         2d6       98%         3
 Leda's Liquefaction      Hex/Erth       0%         N/A       100%        4


Dungeon Overview and Level Annotations

Branches:
Dungeon (6/15)             Temple (1/1) D:4

Altars:
Ashenzari
Dithmenos
Gozag
Hepliaklqana
Kikubaaqudgha
Makhleb
Nemelex Xobeh
Okawaru
Ru
Sif Muna
Trog
Uskayaw
Vehumet
Wu Jian
Xom
Yredelemnul
Zin
The Shining One

Shops:
D:4 ?


Message History

The orc wizard barely misses you.
The orc priest looks braver for a moment.
You feel sick.
You closely miss the orc wizard.
You feel sick.
The orc wizard gestures wildly while chanting.
The orc wizard flickers and vanishes!
Deactivating autopickup; reactivate with Ctrl-A.
You miss the orc wizard.
You feel sick.
The orc wizard points at you and mumbles some strange words.
The puff of flame misses you.
You barely miss the orc priest.
You feel sick.
The orc wizard hits you but does no damage.
You hear some strange, mumbled words.
Something tries to affect you, but you resist.
You feel sick.
You barely miss the orc priest.
You feel sick.
The orc wizard hits you but does no damage.
The orc misses you. Something hits you but does no damage.
You are more poisoned.
The orc closely misses you. The orc priest hits you with a +0 club.
* * * LOW HITPOINT WARNING * * *
You closely miss the orc priest.
You feel sick.
The orc wizard hits you but does no damage.
The orc priest misses you. Something hits you.
* * * LOW HITPOINT WARNING * * *
You are more poisoned.
The orc closely misses you. x2
Unknown command.
You barely miss the orc wizard.
* * * LOW HITPOINT WARNING * * *
You feel very sick. The orc wizard closely misses you.
The orc hits you but does no damage. The orc hits you with a +0 dagger.
* * * LOW HITPOINT WARNING * * *
Something hits you.
* * * LOW HITPOINT WARNING * * *
You are more poisoned.
The orc priest hits you but does no damage.
You bump into the rock wall.
You die...

......##.....##########'###.#.
......#####.........<.......)..
......# #............#.########
...#### #.#.######.#.#... #.##
#.#.# #.......... #.# # #.#
###..#######..# #.# #.#
#.......# .# #.# #{.o....# #
#...#o@###### #..oo...#
#.......# .....###### ...#...
....... ####.## .. #..


You could see an orc priest, an orc wizard and 2 orcs.

Vanquished Creatures
  A necrophage (D:4)
  3 hounds (D:4)
  2 orc priests
  Crazy Yiuf (D:2)
  Natasha (thrice) (D:3)
  9 gnolls
  5 adders
  An ufetubus (Temple)
  3 worms
  10 orcs
  9 ball pythons
  9 endoplasms
  3 giant cockroaches
  3 goblins
  6 hobgoblins
  6 jackals
  3 quokkas
  6 bats
  5 frilled lizards
  6 kobolds
  7 rats
101 creatures vanquished.

Vanquished Creatures (others)
  A fungus (D:5)
1 creature vanquished.

Grand Total: 102 creatures vanquished

Notes
Turn   | Place    | Note
-------+----------+-------------------------------------------
     0 | D:1      | Dorkslayer the Human Fighter began the quest for the Orb.
     0 | D:1      | Reached XP level 1. HP: 18/18 MP: 1/1
   115 | D:1      | Found a faded altar of an unknown god.
   133 | D:1      | Reached XP level 2. HP: 24/24 MP: 2/2
   364 | D:1      | Reached skill level 1 in Dodging
   380 | D:1      | Reached XP level 3. HP: 25/29 MP: 3/3
   940 | D:2      | Reached XP level 4. HP: 32/35 MP: 4/4
  1745 | D:2      | Found a runed translucent door.
  1746 | D:2      | Noticed Crazy Yiuf
  1752 | D:2      | Killed Crazy Yiuf
  1936 | D:3      | Noticed Natasha
  1962 | D:3      | Killed Natasha
  1963 | D:3      | Reached XP level 5. HP: 38/41 MP: 5/5
  2175 | D:3      | Noticed Natasha
  2215 | D:3      | Killed Natasha
  2513 | D:3      | Noticed Natasha
  2521 | D:3      | Killed Natasha
  2536 | D:3      | Found a shimmering blue altar of Sif Muna.
  2824 | D:4      | Reached XP level 6. HP: 27/47 MP: 6/6
  3031 | D:4      | Found Tats's Magic Scroll Shoppe.
  3179 | D:4      | Found a staircase to the Ecumenical Temple.
  3202 | Temple   | Entered the Ecumenical Temple
  3392 | Temple   | Reached XP level 7. HP: 44/53 MP: 7/7
  3838 | D:4      | Found an opulent altar of Gozag.
  3931 | D:5      | Entered Level 5 of the Dungeon
  4087 | D:5      | Found a shadowy altar of Dithmenos.
  4109 | D:5      | HP: 1/53 [gnoll sergeant/+0 trident (11)]
  4127 | D:5      | HP: 2/53 [gnoll/+0 flail[a gnoll sergeant] (5)]
  4545 | D:5      | Succumbed to an orc wizard's poison

Illustrated notes

Levels and vault maps discovered:
D:1:      amcnicky_arrival_single_pillar, layout_basic,
          ebering_ecumenical_altar_ruins, chequers_big_river, minmay_hexomino_p4
D:2:      layout_basic, uniq_crazy_yiuf_cottage
D:3:      layout_basic, led_sif_pool, hangedman_decor_clover_reticule,
          grunt_decor_cap, uniq_natasha
D:4:      wad_crossroads, layout_basic, nicolae_overflow_hidden_temple,
          temple_statues, serial_shops, shop
D:5:      layout_basic, mainiacjoe_overflow_tiny_flanked, grunt_ministairs_9,
          hangedman_abyss_or_decor_stagger, dk_noncrumbling_4, st_stairs_12
D:6:      layout_basic
Temple:   nicolae_temple_no_exploring_needed

Skill      XL: |  1  2  3  4  5  6  7 |
---------------+----------------------+-----
Dodging        | 1 2 3 |  3.3
Long Blades    | 3 4 |  4.9
Armour         | 4 |  4.1
Shields        | 4 |  4.0
Fighting       | |  3.8
Throwing       | |  0.4

Action                   |  1- 3 |  4- 6 |  7- 9 || total
-------------------------+-------+-------+-------++-------
Melee: Long sword        |   135 |   188 |   126 ||   449
Throw: Boomerang         |       |       |     3 ||     3
  Use: Potion            |       |     4 |     5 ||     9
       Scroll            |       |     7 |     1 ||     8
Armor: Scale mail        |    97 |    83 |    43 ||   223
       Skin              |       |    24 |       ||    24
Dodge: Dodged            |    92 |    98 |    71 ||   261
Block: Buckler           |    39 |    64 |    28 ||   131

Table legend: (Time is in decaauts)
 A = Elapsed time spent in this place.
 B = Non-inter-level travel time spent in this place.
 C = Inter-level travel time spent in this place.
 D = Time resting spent in this place.
 E = Time spent auto-exploring this place.
 F = Levels seen in this place.
 G = Mean time per level.
                   A        B        C        D        E       F      G
               +--------+--------+--------+--------+--------+-----+--------+
         Total |   4671 |   4630 |     41 |    576 |   2388 |   7 |  667.3 |
       Dungeon |   4193 |   4152 |     41 |    190 |   2388 |   6 |  698.8 |
        Temple |    478 |    478 |      0 |    386 |      0 |   1 |  478.0 |
               +--------+--------+--------+--------+--------+-----+--------+

Top non-repeatable levels by time:
     D:2: 1060 daAuts
     D:3: 929 daAuts
     D:1: 872 daAuts
     D:4: 727 daAuts
  Temple: 478 daAuts
     D:5: 380 daAuts
     D:6: 224 daAuts
